 Dungeon Crawl Stone Soup version 0.28.0 (webtiles) character file.

Game seed: 14840131361895533729

84 Dirian the Shield-Bearer (level 4, -1/40 HPs)
             Began as a Minotaur Fighter on Feb 9, 2022.
             Was an Initiate of Gozag.
             Killed from afar by a dart slug (2 damage)
             ... with a slug dart
             ... on level 2 of the Dungeon.
             The game lasted 00:02:07 (838 turns).

Dirian the Shield-Bearer (Minotaur Fighter)          Turns: 838, Time: 00:02:08

Health: -1/40      AC:  7    Str: 20    XL:     4   Next: 23%
Magic:  3/3        EV:  9    Int:  5    God:    Gozag
Gold:   56         SH:  5    Dex: 12    Spells: 3/3 levels left

rFire   . . .      SeeInvis .   a - +0 long sword
rCold   . . .      Faith    .   c - +0 buckler
rNeg    . . .      Spirit   .   b - +0 scale mail
rPois   .          Reflect  .   (helmet restricted)
rElec   .          Harm     .   (no cloak)
rCorr   .          Rampage  .   (no gloves)
Will    .....                   (no boots)
Stlth   ..........              (no amulet)
HPRegen 0.13/turn               (no ring)
MPRegen 0.08/turn               (no ring)

@: no status effects
A: horns 2, retaliatory headbutt
a: Renounce Religion, Potion Petition, Call Merchant, Bribe Branch


You were on level 2 of the Dungeon.
You worshipped Gozag.
Gozag was noncommittal.
You visited 1 branch of the dungeon, and saw 2 of its levels.

You collected 56 gold pieces.

Inventory:

Hand Weapons
 a - a +0 long sword (weapon)
Armour
 b - a +0 scale mail (worn)
 c - a +0 buckler (worn)
Scrolls
 e - 2 scrolls of magic mapping {unknown}
 g - 2 scrolls of brand weapon {unknown}
Potions
 d - a potion of might
 f - a potion of cancellation {unknown}


   Skills:
 + Level 4.3 Fighting
 * Level 3.7 Long Blades
 + Level 4.2 Armour
 + Level 4.4 Shields


You had 3 spell levels left.
You didn't know any spells.
Your spell library contained the following spells:

 Spells                   Type           Power      Damage    Failure   Level
 Animate Armour           Summ/Erth      0%         N/A       100%        4
 Blade Hands              Tmut           0%         N/A       100%        5
 Iron Shot                Conj/Erth      0%         9d1       100%        6


Dungeon Overview and Level Annotations

Branches:
Dungeon (2/15)

Altars:
Gozag

Annotations:
D:2 Robin


Innate Abilities, Weirdness & Mutations

You have a pair of horns on your head.
You reflexively headbutt those who attack you in melee.


Message History

The goblin unwields a +0 hunting sling.
The goblin wields a +0 dagger.
The goblin hits you but does no damage.
The hobgoblin shouts!
You slash the worm!
The worm is no longer distracted by gold.
The worm is almost dead.
The hobgoblin is no longer distracted by gold.
Robin hits you from afar with a +0 spear.
The goblin hits you with a +0 dagger.
* * * LOW HITPOINT WARNING * * *
The worm bites you.
* * * LOW HITPOINT WARNING * * *
You completely miss the worm. You headbutt the worm.
You kill the worm!
Robin hits you but does no damage. The goblin barely misses you.
You closely miss the goblin. You headbutt the goblin.
You kill the goblin!
Robin hits you but does no damage.
Robin hits you from afar with a +0 spear.
* * * LOW HITPOINT WARNING * * *
You block the hobgoblin's attack.
You slash the hobgoblin!
You kill the hobgoblin!
You block Robin's attack.
Items here: $ ( )).
Found three items.
Robin says, "My goblins will feast on your bones."
A dart slug comes into view.
The dart slug launches a dart at you. You block the slug dart.
The dart slug launches a dart at you. The slug dart hits you.
* * * LOW HITPOINT WARNING * * *
The dart slug launches a dart at you. The slug dart hits you.
* * * LOW HITPOINT WARNING * * *
The dart slug launches a dart at you. The slug dart hits you.
You die...
Your body crumbles into a pile of gold.

.... ..... . .... . ....## .# ..
#..#######.##.
.#.########....@.......
........##g...<.......
#......#.............. #.
#.............†........ #.#
#.......#............#.##.#
#......w.............#..#.### .
####.....................#...##
?.#....###......##.#####.#......#
....###$.$.#$##....#8.8#.........


You could see Robin and a dart slug.

Vanquished Creatures
  A hound (D:2)
  A worm (D:2)
  4 bats
  6 endoplasms
  8 goblins
  11 hobgoblins
  2 jackals (D:1)
  A quokka (D:1)
  4 ball pythons
  2 frilled lizards (D:1)
  3 kobolds
  3 rats (D:1)
46 creatures vanquished.

Notes
Turn   | Place    | Note
-------+----------+-------------------------------------------
     0 | D:1      | Dirian the Minotaur Fighter began the quest for the Orb.
     0 | D:1      | Reached XP level 1. HP: 19/19 MP: 0/0
   155 | D:1      | Reached XP level 2. HP: 27/27 MP: 1/1
   609 | D:2      | Reached XP level 3. HP: 32/33 MP: 2/2
   623 | D:2      | Noticed an ogre
   769 | D:2      | Found a faded altar of an unknown god.
   775 | D:2      | Prayed at the altar of an unknown god.
   775 | D:2      | Became a worshipper of Gozag Ym Sagoz the Greedy
   787 | D:2      | Noticed Robin
   799 | D:2      | Reached XP level 4. HP: 27/40 MP: 3/3
   836 | D:2      | HP: 1/40 [dart slug/slug dart (4)]
   838 | D:2      | Killed from afar by a dart slug

Illustrated notes

Levels and vault maps discovered:
D:1:      minmay_arrival_stone_box, layout_basic, minmay_ruptured
D:2:      layout_rooms, dreamdust_ecumenical_altar_angels_and_demons, uniq_robin

Skill      XL: |  1  2 |
---------------+-------+-----
Shields        | 4 |  4.4
Fighting       | 4 |  4.3
Armour         | 4 |  4.2
Long Blades    | 3 |  3.7

Action                   |  1- 3 |  4- 6 || total
-------------------------+-------+-------++-------
Melee: Long sword        |    62 |    18 ||    80
       Headbutt          |     8 |     2 ||    10
Armor: Scale mail        |    36 |    11 ||    47
Dodge: Dodged            |    37 |    15 ||    52
Block: Buckler           |    20 |     4 ||    24
